 Dungeon Crawl Stone Soup version 0.21.1-1-g345015f (webtiles) character file.

2118 raistware the Thaumaturge (level 9, -9/57 HPs)
             Began as a Mummy Wizard on Mar 31, 2018.
             Was a Believer of Sif Muna.
             Killed from afar by Supreme's ghost (35 damage)
             ... with a stone arrow
             ... on level 6 of the Dungeon on Apr 1, 2018.
             The game lasted 00:45:51 (8283 turns).

raistware the Thaumaturge (Mummy Wizard)            Turns: 8283, Time: 00:45:51

Health: -9/57      AC:  5    Str: 11    XL:     9   Next: 8%
Magic:  18/22      EV: 11    Int: 22    God:    Sif Muna [**....]
Gold:   268        SH:  0    Dex: 11    Spells: 14/27 levels left

rFire    + . .     SeeInvis .   r - +8 flail of Hepliaklqana's Anger {crush, rC+}
rCold    + + .     Gourm    .   (no shield)
rNeg     + + +     Faith    .   d - +1 leather armour of Fortitude {+Fly rF++}
rPois    ∞         Spirit   .   v - +1 hat
rElec    .         Reflect  .   (no cloak)
rCorr    .         Harm     .   (no gloves)
MR       +....                  (no boots)
Stlth    +.........             (no amulet)
HPRegen  0.19/turn              f - +3 ring of intelligence
MPRegen  0.18/turn              (no ring)

@: no status effects
A: no food or potions, fire vulnerability, cold resistance 1, negative energy
resistance 3, torment resistance, unbreathing
a: Divine Energy, Renounce Religion, Evoke Flight


You were on level 6 of the Dungeon.
You worshipped Sif Muna.
Sif Muna was pleased with you.
You were not hungry.

You visited 2 branches of the dungeon, and saw 7 of its levels.
You also visited: Ossuary.

You collected 268 gold pieces.

Inventory:

Hand Weapons
 h - a +0 dagger of speed
 r - the +8 flail of Hepliaklqana's Anger (weapon) {crush, rC+}
   (You found it on level 4 of the Dungeon)

   It inflicts extra damage upon your enemies.
   It protects you from cold.
 y - a +3 dire flail of freezing
Missiles
 g - 63 sling bullets
Armour
 d - the +1 leather armour of Fortitude (worn) {+Fly rF++}
   (You found it on level 5 of the Dungeon)

   It greatly protects you from fire.
   It lets you fly.
 v - a +1 hat (worn)
Magical Staves
 s - an uncursed staff of poison
Jewellery
 f - a +3 ring of intelligence (left hand)
Wands
 i - a wand of flame (19)
 m - a wand of random effects (10)
Scrolls
 e - 6 scrolls of remove curse
 j - 5 scrolls of teleportation
 k - a scroll of vulnerability {unknown}
 l - a scroll of enchant weapon {unknown}
 n - 5 scrolls of identify
 o - a scroll of blinking
 p - a scroll of magic mapping {unknown}
 q - a scroll of noise {unknown}
 t - a scroll of amnesia {unknown}
 w - a scroll of fog
 x - a scroll of fear
Books
 c - a book of Minor Magic

   Spells                             Type                      Level
   a - Magic Dart                     Conjuration                  1
   b - Blink                          Translocation                2
   c - Call Imp                       Summoning                    2
   d - Slow                           Hexes                        2
   e - Conjure Flame                  Conjuration/Fire             3
   f - Mephitic Cloud                 Conjuration/Poison/Air       3


   Skills:
 + Level 4.4 Maces & Flails
 + Level 2.5 Armour
 - Level 1.5 Dodging
 - Level 1.5 Stealth
 + Level 9.6 Spellcasting
 * Level 5.7 Conjurations
 - Level 0.7 Summonings
 + Level 0.7 Translocations


You had 14 spell levels left.
You knew the following spells:

 Your Spells              Type           Power        Failure   Level  Hunger
a - Magic Dart            Conj           ####         1%          1    N/A
b - Blink                 Tloc           N/A          10%         2    N/A
c - Call Imp              Summ           ##......     10%         2    N/A
d - Slow                  Hex            ##......     13%         2    N/A
e - Conjure Flame         Conj/Fire      ###.....     8%          3    N/A
f - Mephitic Cloud        Conj/Pois/Air  ###.....     11%         3    N/A

Dungeon Overview and Level Annotations

Branches:
Dungeon (6/15)             Temple (1/1) D:4

Altars:
Ashenzari
Cheibriados
Dithmenos
Fedhas
Hepliaklqana
Kikubaaqudgha
Makhleb
Nemelex Xobeh
Okawaru
Qazlal
Ru
Sif Muna
Trog
Uskayaw
Vehumet
Wu Jian
Xom
Yredelemnul
Zin
The Shining One

Annotations:
D:2 Sigmund
D:4 exclusion: 2 ogres
D:5 wojtek's ghost, novice KoCj
D:6 Edmund; Supreme's ghost, novice GrEE


Innate Abilities, Weirdness & Mutations

You do not eat or drink.
Your flesh is vulnerable to fire.
You are immune to poison.
Your flesh is cold resistant. (rC+)
You are immune to negative energy. (rN+++)
You are immune to unholy pain and torment.
You can survive without breathing.


Message History

Supreme's ghost is severely damaged.
Supreme's ghost hits you but does no damage.
You hit Supreme's ghost.
Supreme's ghost is almost destroyed.
Supreme's ghost keens inconsolably.
Supreme's ghost points at you and mumbles some strange words.
The stone arrow misses you.
Your magical contamination has completely faded away.
You closely miss Supreme's ghost.
Supreme's ghost is almost destroyed.
Supreme's ghost casts a spell at you. The blast of sand hits you!
Supreme's ghost points at you and mumbles some strange words.
The stone arrow misses you.
You barely miss Supreme's ghost.
Supreme's ghost is almost destroyed.
Supreme's ghost casts a spell at you. The stone arrow hits you!
Ouch! That really hurt!
You die...

#....###...#
##.....##...#
#...........##
##.............
##....####....##
##).#### #....#
###)[## #....#
##.W### ##...#
##..@.#### #..##
####..##....#
#.W#
#(..####.##.##
#..# #..##
#..#..# ##.#
####'## ##.##.#
#.# #.#...#
#...#.# #.#
#.'.8.##
##.8.+.# #)#
###....#
#††..### #)#
##.).###...##
#.##


You could see Supreme's ghost.

Vanquished Creatures
  A two-headed ogre (D:6)
  A wraith (Ossuary)
  A phantom (D:5)
  A sky beast (D:6)
  An ice beast (D:6)
  2 ogres (D:5)
  A scorpion (D:5)
  5 wights (D:6)
  A howler monkey (D:4)
  A vampire bat (D:5)
  A bullfrog zombie (D:6)
  A hound (D:6)
  2 orc priests (D:5)
  2 orc wizards (D:5)
  An iguana (D:6)
  3 worker ants (D:6)
  Natasha (D:2)
  A hound zombie (D:5)
  A mummy (Ossuary)
  3 gnolls (D:2)
  4 adders
  A shadow imp (D:6)
  An adder skeleton (D:4)
  A worm (D:3)
  3 dart slugs
  8 leopard geckos
  6 orcs
  A ball python (D:1)
  13 bats
  4 giant cockroaches
  12 goblins
  5 hobgoblins
  8 jackals
  7 kobolds
  2 quokkas (D:6)
  A ball python skeleton (D:6)
  4 frilled lizards
  5 gnoll skeletons (Ossuary)
  7 kobold skeletons (Ossuary)
  A leopard gecko zombie (D:6)
  12 orc skeletons (Ossuary)
  8 rats
145 creatures vanquished.

Vanquished Creatures (collateral kills)
  A crimson imp (D:3)
  A hobgoblin (D:3)
  A gnoll skeleton (Ossuary)
  2 rats (D:3)
5 creatures vanquished.

Grand Total: 150 creatures vanquished

Notes
Turn   | Place    | Note
-------+----------+-------------------------------------------
     0 | D:1      | raistware the Mummy Wizard began the quest for the Orb.
     0 | D:1      | Reached XP level 1. HP: 13/13 MP: 5/5
   284 | D:1      | Reached XP level 2. HP: 19/19 MP: 5/7
   288 | D:1      | Learned a level 2 spell: Blink
   291 | D:1      | Learned a level 2 spell: Call Imp
   294 | D:1      | Learned a level 2 spell: Slow
   468 | D:1      | Reached skill level 5 in Spellcasting
   941 | D:1      | Reached XP level 3. HP: 24/24 MP: 9/9
  1670 | D:1      | Learned a level 3 spell: Conjure Flame
  1674 | D:1      | Learned a level 3 spell: Mephitic Cloud
  1726 | D:2      | Noticed Sigmund
  1809 | D:2      | Found an ornate altar of the Wu Jian Council.
  1840 | D:2      | Reached skill level 6 in Spellcasting
  1952 | D:2      | Reached XP level 4. HP: 27/30 MP: 1/12
  2193 | D:2      | Noticed Natasha
  2266 | D:2      | Found a shimmering altar of Xom.
  2397 | D:2      | Killed Natasha
  2397 | D:2      | Reached skill level 1 in Conjurations
  2613 | D:3      | Reached skill level 7 in Spellcasting
  2613 | D:3      | Reached XP level 5. HP: 16/35 MP: 2/14
  3780 | D:3      | Found a glowing golden altar of the Shining One.
  4465 | D:4      | Found a staircase to the Ecumenical Temple.
  4474 | Temple   | Entered the Ecumenical Temple
  4685 | Temple   | Became a worshipper of Sif Muna the Loreminder
  4729 | D:4      | Noticed an ogre
  4788 | D:4      | Got a twisted flail
  4789 | D:4      | Identified the +8 flail of Hepliaklqana's Anger {crush, rC+} (You found it on level 4 of the Dungeon)
  4850 | D:4      | Found an iron altar of Okawaru.
  4850 | D:4      | Found a burning altar of Makhleb.
  5101 | D:4      | Noticed an ogre
  5257 | D:5      | Entered Level 5 of the Dungeon
  5260 | D:5      | Noticed wojtek's ghost (novice KoCj)
  5260 | D:5      | Found a sand-covered staircase.
  5263 | D:5      | Noticed a phantom
  5273 | D:5      | Killed a phantom
  5273 | D:5      | Reached XP level 6. HP: 29/41 MP: 16/16
  5279 | D:5      | Got a fine leather armour
  5286 | D:5      | Identified the cursed +1 leather armour of Fortitude {+Fly rF++} (You found it on level 5 of the Dungeon)
  5300 | Ossuary  | Entered an ossuary
  5300 | Ossuary  | Noticed a wraith
  5300 | Ossuary  | Noticed a wraith
  5300 | Ossuary  | Noticed a wraith
  5322 | Ossuary  | Reached skill level 8 in Spellcasting
  5722 | Ossuary  | Noticed a wraith
  5754 | Ossuary  | Killed a wraith
  5754 | Ossuary  | Reached * piety under Sif Muna
  5754 | Ossuary  | Reached skill level 1 in Maces & Flails
  5872 | D:5      | Reached XP level 7. HP: 42/46 MP: 12/18
  5879 | D:5      | Found a sacrificial altar of Ru.
  6640 | D:5      | Reached skill level 1 in Armour
  7138 | D:6      | Reached XP level 8. HP: 18/52 MP: 16/20
  7364 | D:6      | Noticed Edmund
  7842 | D:6      | Reached ** piety under Sif Muna
  8107 | D:6      | Noticed a two-headed ogre
  8134 | D:6      | Reached skill level 9 in Spellcasting
  8134 | D:6      | Reached skill level 5 in Conjurations
  8163 | D:6      | Killed a two-headed ogre
  8163 | D:6      | Reached XP level 9. HP: 36/57 MP: 15/22
  8231 | D:6      | Noticed Supreme's ghost (novice GrEE)
  8283 | D:6      | Killed from afar by Supreme's ghost

Skill      XL: |  1  2  3  4  5  6  7  8 |
---------------+-------------------------+-----
Spellcasting   | 5 6 7 8 9 |  9.6
Conjurations   | 1 2 3 4 5 |  5.7
Maces & Flails | 1 3 4 |  4.4
Armour         | 1 2 |  2.5
Dodging        | |  1.5
Stealth        | |  1.5
Summonings     | |  0.7
Translocations | |  0.7

Action                   |  1- 3 |  4- 6 |  7- 9 || total
-------------------------+-------+-------+-------++-------
Melee: Dagger            |    23 |   102 |       ||   125
       Flail             |       |    39 |    97 ||   136
 Fire: Hunting sling     |     3 |       |       ||     3
 Cast: Magic Dart        |   100 |   133 |    67 ||   300
       Mephitic Cloud    |     1 |     2 |    11 ||    14
       Call Imp          |       |     8 |     3 ||    11
       Conjure Flame     |       |     6 |    13 ||    19
Evoke: Wand              |       |    14 |       ||    14
  Use: Scroll            |     4 |     5 |     1 ||    10
 Stab: Sleeping          |       |     1 |     1 ||     2
Armor: Robe              |     8 |    27 |       ||    35
       Leather armour    |       |     7 |    34 ||    41
Dodge: Dodged            |    28 |    81 |    55 ||   164
